Map: Catalyst LE

Players

JackO - Winner!

  • Race: Protoss Protoss
  • Spawn Location: 11:00

Yarion

  • Race: Protoss Protoss
  • Spawn Location: 5:00

Event: WCS Leipzig 2018

VOD

Have the link to the VOD?

Description

Time

  • Played on: Jan. 26, 2018, 6:58 a.m.
  • Length: 8:24

All games in this series

Show
View Real Time Build Order
Export as new Build Order

JackO Protoss - Winner!

Build Orders:  

Get SALT Encoding   

  12  0:00  Probe  
  13  0:12  Probe  
  14  0:17  Pylon  
  14  0:24  Probe  
  15  0:35  Gateway  
  15  0:38  Probe (Chrono Boost)  
  16  0:44  Assimilator  
  16  0:49  Probe (Chrono Boost)  
  17  0:52  Assimilator  
  17  0:54  Probe (Chrono Boost)  
  18  1:05  Probe  
  19  1:13  Gateway  
  19  1:17  Probe (Chrono Boost)  
  20  1:23  Cybernetics Core  
  20  1:28  Probe (Chrono Boost)  
  21  1:33  Probe (Chrono Boost)  
  21  1:38  Pylon  
  22  1:43  Probe  
  23  1:56  Probe  
  23  1:59  Warp Gate (Chrono Boost)  
  23  2:00  Stalker  
  26  2:02  Stalker  
  28  2:14  Pylon  
  28  2:30  Stalker  
  28  2:32  Stalker  
  32  2:58  Nexus  
  32  3:09  Robotics Facility  
  32  3:15  Shield Battery  
  32  3:27  Probe  
  32  3:33  Gateway  
  33  3:46  Shield Battery  
  33  3:50  Stalker x2  
  37  4:00  Observer, Pylon  
  37  4:12  Probe  
  37  4:17  Sentry x2  
  40  4:24  Immortal (Chrono Boost)  
  46  4:36  Pylon  
  45  4:51  Pylon  
  45  4:52  Stalker, Sentry  
  49  5:04  Immortal (Chrono Boost)  
  49  5:10  Probe  
  49  5:13  Probe  
  55  5:22  Probe  
  55  5:27  Probe  
  57  5:34  Probe  
  58  5:38  Sentry  
  58  5:39  Stalker x2  
  58  5:42  Probe  
  65  5:52  Probe  
  65  5:54  Immortal (Chrono Boost)  
  70  6:04  Probe  
  70  6:05  Probe  
  72  6:12  Twilight Council  
  72  6:16  Probe  
  72  6:17  Sentry  
  75  6:23  Warp Prism (Chrono Boost)  
  77  6:37  Pylon x2  
  77  6:38  Pylon  
  77  6:55  Immortal (Chrono Boost)  
  77  7:00  Stalker x3  
  85  7:24  Stalker x2, Zealot  
  85  7:26  Probe x2  
  93  7:30  Pylon x2  
  93  7:39  Assimilator x2  
  93  7:47  Observer (Chrono Boost)  
  92  8:22  Stalker x2  
  94  8:23  Stalker  
Show
View Real Time Build Order
Export as new Build Order

Yarion Protoss 

Build Orders:  

Get SALT Encoding   

  12  0:00  Probe  
  13  0:16  Probe  
  14  0:22  Pylon  
  14  0:28  Probe  
  15  0:41  Probe (Chrono Boost), Gateway  
  16  0:50  Assimilator  
  16  0:51  Probe (Chrono Boost)  
  17  0:58  Probe (Chrono Boost)  
  17  0:59  Assimilator  
  18  1:10  Probe (Chrono Boost)  
  19  1:15  Gateway  
  19  1:19  Probe (Chrono Boost)  
  20  1:31  Probe  
  20  1:32  Cybernetics Core  
  21  1:42  Pylon  
  21  1:43  Probe  
  22  1:55  Probe  
  23  2:08  Probe  
  24  2:13  Warp Gate (Chrono Boost)  
  24  2:14  Stalker x2  
  28  2:23  Pylon  
  28  2:29  Probe  
  29  2:30  Pylon  
  28  2:48  Probe  
  28  2:50  Stalker x2  
  33  3:16  Probe, Pylon  
  34  3:22  Stalker x2  
  38  3:40  Robotics Facility  
  38  3:41  Gateway  
  38  4:15  Stalker x2  
  42  4:27  Immortal  
  46  4:36  Pylon  
  46  4:37  Pylon  
  46  4:54  Stalker  
  46  4:55  Sentry x2  
  52  5:11  Immortal  
  52  5:12  Forge  
  56  5:23  Stalker x3  
  56  5:54  Stalker x3  
  60  6:13  Protoss Ground Weapons Level 1 (Chrono Boost)  
  60  6:18  Pylon  
  60  6:26  Stalker  
  62  6:35  Probe  
  62  6:36  Immortal, Pylon  
  67  6:43  Stalker  
  67  6:44  Stalker  
  45  7:13  Probe  
  40  7:15  Stalker x3  
  39  7:36  Shield Battery  
  39  7:38  Stalker  
  39  7:41  Stalker  
  39  7:42  Shield Battery  
  37  8:05  Sentry  
  37  8:06  Sentry  
Tags
 
Add a new tag
Caveats
  • Supply blocks, unpowered buildings, or Contaminate may cause inaccurate times.
  • Supply counts are checked every 10 seconds.